 Dungeon Crawl Stone Soup version 0.17-b1-25-g6d8775f (webtiles) character file.

729 tp1 the Thaumaturge (level 7, 0/36 HPs)
             Began as a Deep Elf Wizard on Nov 5, 2015.
             Slain by a mummy (16 damage)
             ... in an ossuary.
             The game lasted 00:18:52 (3872 turns).

tp1 the Thaumaturge (Deep Elf Wizard)               Turns: 3872, Time: 00:18:52

Health: 0/36       AC:  4    Str:  4    XL:     7   Next: 44%
Magic:  1/21       EV: 11    Int: 25    God:
Gold:   164        SH:  0    Dex: 13    Spells: 3 memorised, 16 levels left

rFire  . . .     SeeInvis .     B - staff of wizardry
rCold  . . .     Clarity  .     m - +0 leather armour
rNeg   + . .     SustAt   .     (no shield)
rPois  .         Gourm    .     b - +0 hat
rElec  .         Spirit   .     (no cloak)
rCorr  .         Warding  +     n - +0 pair of gloves
rMut   .         Stasis   .     (no boots)
MR     .....                    u - amulet of warding
Stlth  ++........               (no ring)
                                (no ring)

@: not resistant to hostile enchantments, unstealthy
A: no striking features
a: no special abilities


You were in an ossuary.
You were hungry.

You visited 1 branch of the dungeon, and saw 4 of its levels.
You also visited: Ossuary.

You collected 164 gold pieces.

Inventory:

Hand Weapons
 e - a +0 short sword
 i - a +0 hunting sling
Missiles
 h - 22 sling bullets
 p - 12 sling bullets of frost
 y - 17 poisoned sling bullets
Armour
 a - a +0 robe
 b - a +0 hat (worn)
 m - a +0 leather armour (worn)
 n - a +0 pair of gloves (worn)
Magical Staves
 B - an uncursed staff of wizardry (weapon)
Jewellery
 u - an amulet of warding (around neck)
Wands
 C - a wand of polymorph (14)
Scrolls
 f - 2 scrolls of random uselessness
 g - a scroll of remove curse
 j - a scroll of immolation {unknown}
 k - 5 scrolls of identify
 w - a scroll of teleportation {unknown}
 x - 3 scrolls of magic mapping {unknown}
Potions
 l - 2 potions of curing {unknown}
 q - a potion of poison {unknown}
 r - a potion of ambrosia {unknown}
 s - a potion of haste {unknown}
 t - 2 potions of heal wounds {unknown}
 z - a potion of berserk rage {unknown}
Books
 c - a book of Minor Magic

   Spells                             Type                      Level
   a - Magic Dart                     Conjuration                  1
   b - Blink                          Translocation                2
   c - Call Imp                       Summoning                    2
   d - Repel Missiles                 Charms/Air                   2
   e - Slow                           Hexes                        2
   f - Conjure Flame                  Conjuration/Fire             3
   g - Mephitic Cloud                 Conjuration/Poison/Air       3
 A - a Necronomicon

   Spells                             Type                      Level
   a - Haunt                          Necromancy/Summoning         7
   b - Borgnjor's Revivification      Necromancy                   8
   c - Death's Door                   Charms/Necromancy            8
   d - Necromutation                  Transmutation/Necromancy     8
Comestibles
 d - 5 bread rations
 o - 2 meat rations
 v - a royal jelly


   Skills:
 - Level 2.4 Dodging
 - Level 2.4 Stealth
 + Level 8.8 Spellcasting
 - Level 6.4 Conjurations
   Level 1.1 Summonings
   Level 1.1 Translocations


You had 16 spell levels left.
You knew the following spells:

 Your Spells              Type           Power        Failure   Level  Hunger
a - Magic Dart            Conj           ####         1%          1    None
b - Conjure Flame         Conj/Fire      ####....     4%          3    None
c - Mephitic Cloud        Conj/Pois/Air  ###.....     6%          3    None


Dungeon Overview and Level Annotations

Branches:
Dungeon (4/15)
 Temple: D:4-7

Altars:
Ashenzari
Cheibriados
Kikubaaqudgha
Ru

Shops:
D:4 }


Message History

Press: ? - help, Shift-Dir - straight line, f - mummy
Aim: a mummy The magic dart hits the mummy.
The mummy is lightly damaged.
The mummy hits you. The kobold zombie closely misses you.
Casting: Magic Dart
Confirm with . or Enter, or press ? or * to list all spells.
Aiming: Magic Dart
Press: ? - help, Shift-Dir - straight line, f/p - mummy
Aim: a mummy (lightly damaged)
The magic dart hits the mummy.
The mummy is heavily damaged.
The mummy hits you.
Casting: Magic Dart
Confirm with . or Enter, or press ? or * to list all spells.
You don't have enough magic to cast that spell.
The kobold zombie barely misses you. The kobold zombie closely misses you.
The kobold zombie hits you. The mummy hits you!
You die...

###################
.......∩∩.........#
.........Z........#
.##############Z@.#
#.M.# #§..# #...#
#...# #...# #...#
#...# #...#


You could see a mummy, a kobold zombie and an orc zombie (wandering).

Vanquished Creatures
  Sigmund (D:2)
  An ogre (D:4)
  An elf zombie (Ossuary)
  2 vampire bats (D:4)
  A hound (D:4)
  A centaur zombie (Ossuary)
  An orc wizard (D:4)
  2 worker ants (D:4)
  6 adders
  4 gnolls (D:3)
  2 oozes (D:1)
  3 worms
  6 orcs
  A ball python (D:2)
  4 bats
  A bat skeleton (D:4)
  4 bat zombies (D:4)
  4 giant cockroaches
  10 goblins
  4 hobgoblins
  4 kobolds
  2 quokkas
  5 giant geckos
  2 giant newts
  7 hobgoblin zombies (Ossuary)
  2 jackal zombies
  5 kobold zombies (Ossuary)
  2 orc zombies (Ossuary)
  6 rats
94 creatures vanquished.

Notes
Turn   | Place    | Note
--------------------------------------------------------------
     0 | D:1      | tp1 the Deep Elf Wizard began the quest for the Orb.
     0 | D:1      | Reached XP level 1. HP: 10/10 MP: 7/7
    55 | D:1      | Reached XP level 2. HP: 15/15 MP: 1/9
   399 | D:1      | Reached XP level 3. HP: 19/19 MP: 7/10
   795 | D:2      | Found a faded altar to an unknown god.
   827 | D:2      | Found a snail-covered altar of Cheibriados.
   844 | D:2      | Noticed Sigmund
  1085 | D:1      | Learned a level 3 spell: Conjure Flame
  1089 | D:1      | Learned a level 3 spell: Mephitic Cloud
  1112 | D:2      | Killed Sigmund
  1112 | D:2      | Reached skill level 5 in Conjurations
  1112 | D:2      | Reached XP level 4. HP: 2/24 MP: 1/12
  1112 | D:2      | Reached XP level 5. HP: 2/28 MP: 1/13
  1411 | D:2      | Reached skill level 6 in Conjurations
  2044 | D:2      | Found a snail-covered altar of Cheibriados.
  2076 | D:2      | Found a faded altar to an unknown god.
  2747 | D:3      | Reached XP level 6. HP: 32/32 MP: 12/15
  2786 | D:3      | Found a shattered altar of Ashenzari.
  2887 | D:3      | Reached skill level 5 in Spellcasting
  3122 | D:3      | Found a sacrificial altar of Ru.
  3331 | D:4      | Found an ancient bone altar of Kikubaaqudgha.
  3432 | D:4      | Reached skill level 7 in Spellcasting
  3432 | D:4      | Reached XP level 7. HP: 36/36 MP: 7/19
  3498 | D:4      | Found Rise's Gadget Shoppe.
  3596 | D:4      | Reached skill level 8 in Spellcasting
  3671 | D:4      | Found a sand-covered staircase.
  3723 | Ossuary  | Entered an ossuary
  3872 | Ossuary  | Slain by a mummy

Action                   |  1- 3 |  4- 6 |  7- 9 || total
-------------------------+-------+-------+-------++-------
 Fire: Hunting sling     |    30 |    26 |     9 ||    65
 Cast: Magic Dart        |    55 |   100 |    49 ||   204
       Mephitic Cloud    |     1 |       |       ||     1
       Conjure Flame     |       |     2 |    10 ||    12
  Use: Scroll            |       |     3 |       ||     3
  Eat: Chunk             |       |     7 |     1 ||     8
